 Dungeon Crawl Stone Soup version 0.17-a0-2055-gb4e23be (webtiles) character file.

726 radek the Skirmisher (level 7, -2/76 HPs)
             Began as an Ogre Berserker on Oct 11, 2015.
             Was a Priest of Trog.
             Slain by an orc warrior
             ... wielding a cursed -2 dire flail
              (13 damage)
             ... on level 6 of the Dungeon.
             The game lasted 00:24:22 (5356 turns).

radek the Skirmisher (Ogre Berserker)               Turns: 5356, Time: 00:24:22

Health: -2/76      AC:  3    Str: 25    XL:     7   Next: 72%
Magic:  7/7        EV:  6    Int: 11    God:    Trog [***...]
Gold:   170        SH:  0    Dex:  9    Spells: 0 memorised, 6 levels left

rFire  . . .     SeeInvis .     j - +1 mace (crush)
rCold  . . .     Clarity  .     b - +0 animal skin
rNeg   . . .     SustAt   .     (no shield)
rPois  .         Gourm    +     (helmet restricted)
rElec  .         Spirit   .     (no cloak)
rCorr  .         Warding  .     (gloves unavailable)
rMut   .         Stasis   .     (boots unavailable)
MR     .....                    n - amulet of the gourmand
Stlth  +.........               (no ring)
                                B - +5 ring of intelligence

@: exhausted, slowed, very slow, not resistant to hostile enchantments, very
unstealthy
A: unfitting armour, tough skin 1
a: Burn Spellbooks, Berserk, Trog's Hand, Renounce Religion


You were on level 6 of the Dungeon.
You worshipped Trog.
Trog was most pleased with you.
You were very hungry.

You visited 1 branch of the dungeon, and saw 6 of its levels.

You collected 170 gold pieces.

Inventory:

Hand Weapons
 a - a +0 mace
 f - a -2 giant club
 j - a +1 mace of crushing (weapon)
 o - a +0 flail
 p - a +0 falchion
 x - a +0 mace
 y - a +0 trident
 F - a +0 long sword
 G - a +0 war axe
 H - a +0 trident
Armour
 b - a +0 animal skin (worn)
Jewellery
 n - an amulet of the gourmand (around neck)
 B - a +5 ring of intelligence (left hand)
Wands
 v - a wand of cold (11)
 I - a wand of draining (3)
 J - a wand of flame (22)
Scrolls
 e - 2 scrolls of immolation
 g - a scroll of enchant armour {unknown}
 k - 3 scrolls of remove curse
 m - 4 scrolls of identify
 q - a scroll of fear {unknown}
 s - a scroll of noise {unknown}
 t - a scroll of amnesia {unknown}
 C - 3 scrolls of teleportation {unknown}
 D - a scroll of magic mapping {unknown}
 E - a scroll of blinking {unknown}
Potions
 d - 4 potions of curing {unknown}
 i - a potion of heal wounds {unknown}
 r - a potion of cancellation {unknown}
 w - 2 potions of lignification {unknown}
 z - a potion of might {unknown}
Books
 A - the Grimoire of Creative Unholy Arts
   (You found it on level 5 of the Dungeon)

   Spells                             Type                      Level
   a - Pain                           Necromancy                   1
   b - Summon Ice Beast               Ice/Summoning                4
   c - Bolt of Draining               Conjuration/Necromancy       5
   d - Summon Mana Viper              Hexes/Summoning              5
   e - Agony                          Necromancy                   5
   Trog disapproves of the use of such an item.
Comestibles
 c - 2 bread rations
 h - 5 fruits
 l - a beef jerky
 u - a royal jelly


   Skills:
 + Level 6.6 Fighting
 + Level 0.2(2.2) Axes
 + Level 6.6 Maces & Flails
 + Level 5.7 Dodging
 + Level 1.3 Stealth


You had 6 spell levels left.
You didn't know any spells.

Dungeon Overview and Level Annotations

Branches:
Dungeon (6/15)
 Temple: D:4-7

Altars:
Ashenzari
Cheibriados
Dithmenos
Makhleb
Okawaru
Ru
Xom


Innate Abilities, Weirdness & Mutations

You are too large for most types of armour.
You have tough skin (AC +1).


Message History

You sock the orc warrior!
The orc warrior is heavily wounded.
The orc hits you but does no damage.
You hit the orc warrior.
The orc warrior is severely wounded.
The orc warrior hits you with an enchanted dire flail!
* * * LOW HITPOINT WARNING * * *
The orc hits you from afar with a trident.
* * * LOW HITPOINT WARNING * * *
You are too berserk!
You feel a strong urge to attack something.
You feel your anger subside.
You are no longer berserk.
You are exhausted.
You feel yourself slow down.
You are feeling very hungry.
The orc warrior closely misses you.
There is a stone staircase leading down here.
The orc warrior hits you with an enchanted dire flail!
You die...

##########.###+######....#
#..........###...........#
#...........##...........#
#>.........)##....o......#
#..........))#...........#
#..........#.#...........#
#..........#.............#
#..........##.oo.........#
#...........(.@..........#
#......[...#####.####....#
#..........# #.# ######
#..........# #.#
############ #.# #####.#
#.....# ####..# ######.)#


You could see an orc warrior and 2 orcs.

Vanquished Creatures
  An ice beast (D:5)
  An ogre (D:4)
  An orc warrior (D:5)
  A sky beast (D:5)
  A crimson imp (D:5)
  A giant frog zombie (D:5)
  A hound (D:6)
  Terence (D:2)
  2 worker ants
  3 gnolls (D:6)
  8 adders
  An adder zombie (D:5)
  2 worms (D:2)
  An adder skeleton (D:5)
  3 giant geckos
  13 orcs
  A ball python (D:1)
  5 giant cockroaches
  7 goblins
  5 hobgoblins
  8 kobolds
  2 quokkas (D:3)
  9 bats
  5 giant newts
  7 jackals
  A quokka zombie (D:5)
  8 rats
99 creatures vanquished.

Notes
Turn   | Place    | Note
--------------------------------------------------------------
     0 | D:1      | radek the Ogre Berserker began the quest for the Orb.
     0 | D:1      | Reached XP level 1. HP: 24/24 MP: 1/1
   236 | D:1      | Reached XP level 2. HP: 28/32 MP: 2/2
   644 | D:2      | Found a sacrificial altar of Ru.
   706 | D:2      | Noticed Terence
   716 | D:2      | Killed Terence
   716 | D:2      | Reached XP level 3. HP: 29/40 MP: 3/3
   993 | D:2      | Found a shimmering altar of Xom.
   996 | D:2      | Found a shadowy altar of Dithmenos.
   999 | D:2      | Found an iron altar of Okawaru.
  1074 | D:2      | Found a burning altar of Makhleb.
  1157 | D:2      | Reached XP level 4. HP: 41/49 MP: 4/4
  1184 | D:2      | Acquired Trog's second power
  1711 | D:3      | Reached skill level 5 in Fighting
  1711 | D:3      | Reached skill level 5 in Maces & Flails
  2019 | D:3      | Reached XP level 5. HP: 53/57 MP: 5/5
  2499 | D:4      | Noticed an ogre
  2507 | D:4      | Killed an ogre
  2507 | D:4      | Reached XP level 6. HP: 6/66 MP: 6/6
  3241 | D:5      | Entered Level 5 of the Dungeon
  3319 | D:5      | Identified the Grimoire of Creative Unholy Arts
  3666 | D:5      | Reached skill level 6 in Fighting
  3666 | D:5      | Reached skill level 5 in Dodging
  3666 | D:5      | Reached skill level 1 in Stealth
  3666 | D:5      | Reached XP level 7. HP: 58/75 MP: 7/7
  3683 | D:5      | Found a snail-covered altar of Cheibriados.
  4168 | D:5      | Found a shattered altar of Ashenzari.
  5356 | D:6      | Slain by an orc warrior

Vault maps used:
D:1:      lightli_arrival_flooded_house
D:2:      grunt_temple_overflow_diamond, lemuel_doored_altar,
          nicolae_ru_awakened_eye, uniq_terence
D:4:      wad_orctagon, uniq_sigmund, uniq_crazy_yiuf_cottage
D:5:      nicolae_overflow_hidden_temple, first_bread
D:6:      tso_oasis_becter

Action                   |  1- 3 |  4- 6 |  7- 9 || total
-------------------------+-------+-------+-------++-------
Melee: Mace              |    91 |   142 |    38 ||   271
       Giant club        |       |    22 |       ||    22
       War axe           |       |       |    26 ||    26
Invok: Berserk           |     1 |     1 |     2 ||     4
  Use: Scroll            |       |     3 |     1 ||     4
  Eat: Chunk             |     2 |     6 |     1 ||     9
       Meat ration       |       |     1 |       ||     1
       Royal jelly       |       |       |     1 ||     1
       Pizza             |       |       |     1 ||     1
